 Dungeon Crawl Stone Soup version 0.31.0-9-g3a7656b989 (webtiles) character file.

Game seed: 7651297680987667271

159 Colgate the Poker (level 5, 41/41 HPs)
             Began as a Demonspawn Chaos Knight on Feb 3, 2024.
             Was a Plaything of Xom.
             Quit the game on level 2 of the Dungeon.
             The game lasted 00:00:45 (154 turns).

Colgate the Poker (Demonspawn Chaos Knight)          Turns: 154, Time: 00:00:45

Health: 41/41      AC:  5    Str: 14    XL:     5   Next: 17%
Magic:  5/5        EV: 11    Int: 14    God:    Xom [..*...]
Gold:   18         SH:  0    Dex: 13    Spells: 4/4 levels left

rFire   . . .        a - +0 spear (chaos)
rCold   . . .        (no shield)
rNeg    . . .        b - +2 leather armour
rPois   .            (no helmet)
rElec   .            (no cloak)
rCorr   .            (no gloves)
SInv    .            (no boots)
Will    .....        (no amulet)
Stlth   +            (no ring)
HPRegen 0.26/turn    (no ring)
MPRegen 0.09/turn

%: no passive effects
@: hasted, very quick
A: powered by pain 1, spiny 1, big brain 1
a: Renounce Religion


You were on level 2 of the Dungeon.
You worshipped Xom.
You were a toy of Xom.
You visited 1 branch of the dungeon, and saw 2 of its levels.

You collected 18 gold pieces.

Inventory:

Hand Weapons
 a - a +0 spear of chaos (weapon)
Armour
 b - a +2 leather armour (worn)
Scrolls
 c - a scroll of butterflies
 d - a scroll of teleportation {unknown}
 e - a scroll of identify {unknown}


   Skills:
 - Level 3.0 Fighting
 + Level 5.4 Polearms
 - Level 1.7 Armour
 - Level 0.8 Dodging


You had 4 spell levels left.
You didn't know any spells.
Your spell library was empty.

Dungeon Overview and Level Annotations

Branches:
Dungeon (1/15)

Altars:


Innate Abilities, Weirdness & Mutations

You sometimes gain a little power by taking damage.
You are partially covered in sharp spines.
You have an unusually large brain. (Int +2)


Message History

You hit something. You burn something.
You bump into the rock wall.
You bump into the translucent rock wall.
You barely miss something. You hit something. You freeze something.
You barely miss something.
Found an emerald potion and 11 gold pieces.
You feel less confused.
You completely miss something. You hit something but do no damage.
Xom is highly amused!
Nothing appears to happen.
You barely miss something. You hit something. You hit something.
You hit something but do no damage. You hit something. You freeze something.
You hit something but do no damage. You hit something. You freeze something.
You hit something.
Nothing appears to happen.
You completely miss something. You hit something.
Lightning courses through something! You hit something.
Reactivating autopickup.
You feel a bit more experienced.
The endoplasm jiggles.
Your Polearms skill gained 3 levels and is now at level 5!
You have reached level 2!
Your demonic ancestry asserts itself...
Sharp spines emerge from parts of your body.
You have reached level 3!
Your experience leads to an increase in your attributes!
Increase (S)trength, (I)ntelligence, or (D)exterity?
You feel stronger. x2; Your demonic ancestry asserts itself...
You feel energised by your suffering.
You have reached level 4!
You feel agile.
Your demonic ancestry asserts itself...
Your brain expands.
You have reached level 5!
Are you sure you want to abandon this character and quit the game? (Confirm with "yes".)

#.... #...##..#.# #....
..........# ##. #....
........... .....#....
....###... #.#.......
...##.##.# #.##.####.
...#...'.# #.##.#....
...##.##)### #.##.#....
#+#@...## #.##.#....
#lb##J#####.###.##.#....
!)rlg#+Bwr##.##........)
$.wS##rwbbK#...#........
#..###$...)#...#........
####.#..?.$#...#........
.....##..!##............
...#..#####.....########
$...........#


You could see a ribbon worm, 2 dart slugs, an endoplasm, a giant cockroach, a
hobgoblin, 3 bats, a ball python, a kobold, 2 frilled lizards and 3 rats.

Vanquished Creatures
  Sigmund (D:2)
  An orc (D:2)
  A goblin (D:1)
3 creatures vanquished.

Notes
Turn   | Place    | Note
-------+----------+-------------------------------------------
     0 | D:1      | Colgate the Demonspawn Chaos Knight began the quest for the
                  | Orb.
     0 | D:1      | Reached XP level 1. HP: 18/18 MP: 1/1
    61 | D:1      | Found a faded altar of an unknown god.
    71 | D:1      | You fall into a shaft and drop 1 floor!
   116 | D:2      | Noticed Sigmund
   117 | D:2      | XOM: silly message
   119 | D:2      | XOM: potion effect (haste)
   153 | D:2      | Killed Sigmund
   154 | D:2      | Reached skill level 5 in Polearms
   154 | D:2      | Gained mutation: You are partially covered in sharp spines.
                  | [demonic ancestry]
   154 | D:2      | Reached XP level 2. HP: 24/24 MP: 2/2
   154 | D:2      | Gained mutation: You sometimes gain a little power by
                  | taking damage. [demonic ancestry]
   154 | D:2      | Reached XP level 3. HP: 29/29 MP: 3/3
   154 | D:2      | Gained mutation: You have an unusually large brain. (Int
                  | +2) [demonic ancestry]
   154 | D:2      | Reached XP level 4. HP: 35/35 MP: 4/4
   154 | D:2      | Reached XP level 5. HP: 41/41 MP: 5/5
   154 | D:2      | Quit the game

Illustrated notes

Levels and vault maps discovered:
D:1:      dpeg_arrival_oval, layout_loops_ring, basic_ecumenical_altar
D:2:      minmay_evil_eye, layout_basic, basic_altar, minmay_joined_circles,
          uniq_terence, uniq_sigmund

Skill      XL: |  1 |
---------------+----+-----
Polearms       | 5 |  5.4
Fighting       | |  3.0
Armour         | |  1.7
Dodging        | |  0.8

Action                     |  1- 3 |  4- 6 || total
---------------------------+-------+-------++-------
  Melee: Spear             |    31 |       ||    31
 Armour: Leather armour    |     5 |       ||     5
  Dodge: Dodged            |     2 |       ||     2
